 Dungeon Crawl Stone Soup version 0.20-a0-1040-gfd09691 (webtiles) character file.

511 graki42 the Slasher (level 6, -3/56 HPs)
             Began as a Minotaur Berserker on Apr 24, 2017.
             Was a Believer of Trog.
             Killed from afar by Megalobster's ghost (15 damage)
             ... with a spray of energy
             ... on level 4 of the Dungeon.
             The game lasted 00:06:52 (2633 turns).

graki42 the Slasher (Minotaur Berserker)            Turns: 2633, Time: 00:06:53

Health: -3/56      AC:  9    Str: 22    XL:     6   Next: 99%
Magic:  5/5        EV:  9    Int:  6    God:    Trog [**....]
Gold:   186        SH:  0    Dex:  9    Spells: 5/5 levels left

rFire    . . .     SeeInvis +   a - +0 falchion
rCold    . . .     Gourm    .   (no shield)
rNeg     . . .     Faith    .   k - +0 chain mail
rPois    .         Spirit   .   (helmet restricted)
rElec    .         Reflect  .   (no cloak)
rCorr    .         Harm     .   (no gloves)
MR       .....                  (no boots)
Stlth    ..........             (no amulet)
Regen    0.2/turn               n - ring of see invisible
MPRegen  0.1/turn               (no ring)

@: no status effects
A: retaliatory headbutt, horns 2
a: Berserk, Trog's Hand, Burn Spellbooks, Renounce Religion


You were on level 4 of the Dungeon.
You worshipped Trog.
Trog was pleased with you.
You were not hungry.

You visited 1 branch of the dungeon, and saw 4 of its levels.

You collected 186 gold pieces.

Inventory:

Hand Weapons
 a - a +0 falchion (weapon)
Missiles
 v - a throwing net (quivered)
Armour
 k - a +0 chain mail (worn)
Jewellery
 n - a ring of see invisible (left hand)
Scrolls
 d - 5 scrolls of identify {unknown}
 i - a scroll of fear {unknown}
 j - 2 scrolls of teleportation {unknown}
 l - a scroll of magic mapping {unknown}
 o - a scroll of recharging {unknown}
 s - a scroll of enchant weapon {unknown}
Potions
 b - a potion of might {unknown}
 e - 2 potions of heal wounds {unknown}
 g - a potion of magic {unknown}
 h - a potion of resistance {unknown}
 q - a potion of curing {unknown}
 r - a potion of ambrosia {unknown}
 t - a potion of brilliance {unknown}
 w - a potion of mutation {unknown}
 x - a potion of agility {unknown}
Comestibles
 c - a bread ration
 f - a meat ration
 m - 3 royal jellies
 p - 3 chunks of flesh
 u - a fruit


   Skills:
 + Level 5.2 Fighting
 + Level 7.1 Long Blades
 + Level 5.0 Armour
 + Level 2.9 Dodging
 + Level 0.8 Stealth


You had 5 spell levels left.
You didn't know any spells.

Dungeon Overview and Level Annotations

Branches:
Dungeon (4/15)
 Temple: D:4-7

Altars:
Elyvilon
Okawaru

Annotations:
D:4 Megalobster's ghost, amateur DECj


Innate Abilities, Weirdness & Mutations

You reflexively headbutt those who attack you in melee.
You have a pair of horns on your head.


Message History

Megalobster's ghost gestures at you while chanting.
The magic dart hits you!
* * * LOW HITPOINT WARNING * * *
Found a cyan potion.
You're too confused!
Megalobster's ghost closely misses you.
You closely miss Megalobster's ghost.
Your headbutt misses Megalobster's ghost.
Megalobster's ghost is almost destroyed.
Megalobster's ghost hits you but does no damage.
You closely miss Megalobster's ghost.
Your headbutt misses Megalobster's ghost.
Megalobster's ghost is almost destroyed.
Megalobster's ghost hits you but does no damage.
Megalobster's ghost barely misses you.
You see here a bread ration.
You feel less confused.
Megalobster's ghost casts a spell at you.
The spray of energy hits you!
You die...

...................#.....
...................#.....
..................?......
.........................
......................(..
.........................
.................W.......
................%........
.........@........
.....##.##.##.##. ....#..
.....# ....... .......
....#.. .!⌠..#. ....#..
.....# ♣.. ... .... ♣#
#..


You could see Megalobster's ghost.

Vanquished Creatures
  Sigmund (D:3)
  A centaur (D:3)
  A jelly (D:3)
  An orc wizard (D:4)
  Natasha (thrice) (D:3)
  4 adders
  2 worms
  4 dart slugs
  A leopard gecko (D:3)
  10 orcs
  A ball python (D:1)
  4 bats
  3 giant cockroaches
  8 goblins
  6 hobgoblins
  7 kobolds
  2 quokkas
  6 frilled lizards
  10 rats
75 creatures vanquished.

Notes
Turn   | Place    | Note
-------+----------+-------------------------------------------
     0 | D:1      | graki42 the Minotaur Berserker began the quest for the Orb.
     0 | D:1      | Reached XP level 1. HP: 19/19 MP: 0/0
   230 | D:1      | Reached skill level 4 in Long Blades
   230 | D:1      | Reached XP level 2. HP: 27/27 MP: 1/1
   609 | D:2      | Reached XP level 3. HP: 21/33 MP: 2/2
   992 | D:2      | Found a white marble altar of Elyvilon.
   997 | D:2      | Reached skill level 5 in Long Blades
  1063 | D:2      | Found an iron altar of Okawaru.
  1128 | D:2      | Reached XP level 4. HP: 40/40 MP: 3/3
  1369 | D:2      | Reached ** piety under Trog
  1438 | D:3      | Noticed Natasha
  1442 | D:3      | Killed Natasha
  1593 | D:3      | Noticed Natasha
  1608 | D:3      | Killed Natasha
  1817 | D:3      | Reached XP level 5. HP: 47/47 MP: 4/4
  1970 | D:3      | Noticed a phantom
  2085 | D:3      | Noticed Sigmund
  2100 | D:3      | Killed Sigmund
  2100 | D:3      | Reached skill level 5 in Fighting
  2100 | D:3      | Reached skill level 6 in Long Blades
  2100 | D:3      | Reached XP level 6. HP: 56/56 MP: 5/5
  2264 | D:3      | Noticed Natasha
  2274 | D:3      | Killed Natasha
  2392 | D:3      | Reached skill level 7 in Long Blades
  2574 | D:4      | Reached skill level 5 in Armour
  2608 | D:4      | Noticed Megalobster's ghost (amateur DECj)
  2633 | D:4      | Killed from afar by Megalobster's ghost

Vault maps used:
D:1:      zaba_arrival_water
D:2:      grunt_temple_overflow_open, minmay_liquid_box
D:3:      grunt_ministairs_9, uniq_natasha, uniq_sigmund
D:4:      lemuel_crystal_altar, minmay_temple_entry_large_hall, serial_forest,
          infiniplex_forest_lined_room_3, infiniplex_forest_fountain,
          infiniplex_forest_clump_double, infiniplex_forest_zigzag_2,
          infiniplex_forest_lined_room_3, infiniplex_forest_clump_small,
          infiniplex_forest_clump_cross, infiniplex_forest_straight_2

Skill      XL: |  1  2  3  4  5  6 |
---------------+-------------------+-----
Long Blades    | 4 5 6 7 |  7.1
Fighting       | 4 5 |  5.2
Armour         | 3 4 5 |  5.0
Dodging        | |  2.9
Stealth        | |  0.8

Action                   |  1- 3 |  4- 6 || total
-------------------------+-------+-------++-------
Melee: Falchion          |    79 |   138 ||   217
       Headbutt          |    14 |    22 ||    36
Invok: Berserk           |       |     5 ||     5
       Trog's Hand       |       |     2 ||     2
 Stab: Sleeping          |     1 |       ||     1
  Eat: Chunk             |       |    11 ||    11
Armor: Animal skin       |     1 |       ||     1
       Chain mail        |    34 |    45 ||    79
Dodge: Dodged            |    38 |    55 ||    93
       Rpst.: Falchion   |    13 |    11 ||    24
